 Dungeon Crawl Stone Soup version 0.16.2-2-g470672f (webtiles) character file.

439 monobi the Sneak (level 7, -2/47 HPs)
             Began as an Octopode Monk on Sept 4, 2015.
             Slain by an orc priest
             ... wielding a +0 short sword
              (4 damage)
             ... on level 4 of the Dungeon.
             The game lasted 00:07:17 (3512 turns).

monobi the Sneak (Octopode Monk)                    Turns: 3512, Time: 00:07:17

Health: -2/47      AC:  1    Str: 10    XL:     7   Next: 1%
Magic:  7/7        EV: 11    Int: 13    God:
Gold:   173        SH:  7    Dex: 16    Spells: 0 memorised, 6 levels left

rFire  x . .     SeeInvis .       - Unarmed
rCold  + . .     Clarity  .     n - +0 shield
rNeg   . . .     SustAb   .     (helmet restricted)
rPois  .         Gourm    .     (no amulet)
rElec  .         Spirit   .     i - ring of ice
rCorr  .         Warding  .     j - ring of flight
rMut   .         Stasis   .     (no ring)
MR     .....                    (no ring)
Stlth  +++++.....               (no ring)
                                (no ring)
                                (no ring)
                                (no ring)

@: lethally poisoned (-2 -> -9), not resistant to hostile enchantments, quite
stealthy
A: almost no armour, amphibious, 8 rings, constrict 8, camouflage 1, gelatinous
body 1
a: Evoke Flight


You were on level 4 of the Dungeon.
You were hungry.

You visited 1 branch of the dungeon, and saw 4 of its levels.

You collected 173 gold pieces.

Inventory:

Hand weapons
 h - a +1 mace of crushing
 q - a +4 quarterstaff of chaos
Armour
 n - a +0 shield (worn)
Jewellery
 i - a ring of ice (left tentacle)
 j - a ring of flight (right tentacle)
Scrolls
 a - 2 scrolls of teleportation {unknown}
 c - 3 scrolls of enchant armour {unknown}
 e - a scroll of noise {unknown}
 g - 4 scrolls of remove curse {unknown}
 l - a scroll of random uselessness {unknown}
 m - 3 scrolls of identify {unknown}
 t - a scroll of fog {unknown}
 u - 2 scrolls of immolation {unknown}
 v - a scroll of recharging {unknown}
Potions
 b - 2 potions of poison
 d - a potion of might {unknown}
 f - a potion of ambrosia {unknown}
 k - a potion of restore abilities {unknown}
 o - a potion of invisibility {unknown}
 r - a potion of resistance {unknown}
 w - a potion of agility {unknown}
Comestibles
 s - a bread ration


   Skills:
 + Level 3.9 Fighting
 + Level 4.0 Dodging
 * Level 6.4 Stealth
 + Level 1.0 Shields
 + Level 5.6 Unarmed Combat


You had 6 spell levels left.
You didn't know any spells.

Dungeon Overview and Level Annotations

Branches:
Dungeon (4/15)
 Temple: D:4-7

Altars:
Ashenzari
Elyvilon
Fedhas
Nemelex Xobeh
Okawaru
Qazlal
Trog


Innate Abilities, Weirdness & Mutations

You cannot wear most types of armour.
You are amphibious.
You can wear up to eight rings at the same time.
You can use your tentacles to constrict many enemies at once.
Your skin changes colour to match your surroundings (Stealth).
Your rubbery body absorbs attacks (AC +1).


Message History

You tentacle-slap something but do no damage.
You squeeze something.
Reactivating autopickup.
Your Shields skill increases to level 1!
You have reached level 7!
You feel a bit more experienced.
Drink which item? (? for menu, Esc to quit)
It was a potion of poison.
That liquid tasted very nasty...
You are lethally poisoned!
* * * LOW HITPOINT WARNING * * *
You feel sick.
The orc priest hits you with a short sword.
* * * LOW HITPOINT WARNING * * *
Drink which item? (? for menu, Esc to quit)
It was a potion of cure mutation.
It has a very clean taste.
* * * LOW HITPOINT WARNING * * *
You feel sick.
The orc priest hits you with a short sword.
You die... ### #gK## #Zgr.

##oo#
##@#
##.##
##.##
##.##
##..#
#..##
##.##
##..#
#..##


You could see an orc priest, a gnoll, an orc, a quokka, a goblin, a kobold and a
jackal skeleton.

Vanquished Creatures
  An ogre (D:3)
  Sigmund (D:2)
  Crazy Yiuf (D:2)
  An orc priest (D:3)
  3 orc wizards
  5 adders (D:3)
  2 giant mites
  A worm (D:2)
  A giant gecko (D:3)
  2 oozes
  5 orcs
  2 ball pythons
  7 bats
  A bat skeleton (D:3)
  8 goblins
  9 hobgoblins
  7 jackals
  3 giant cockroaches
  A giant gecko skeleton (D:3)
  A giant newt (D:2)
  4 kobolds
  2 quokkas (D:2)
  10 rats
78 creatures vanquished.

Notes
Turn   | Place    | Note
--------------------------------------------------------------
     0 | D:1      | monobi, the Octopode Monk, began the quest for the Orb.
     0 | D:1      | Reached XP level 1. HP: 16/16 MP: 1/1
   196 | D:1      | Reached XP level 2. HP: 19/21 MP: 2/2
   741 | D:1      | Reached XP level 3. HP: 16/26 MP: 3/3
  1235 | D:2      | Noticed Sigmund
  1248 | D:2      | Killed Sigmund
  1248 | D:2      | Reached XP level 4. HP: 23/31 MP: 4/4
  1509 | D:2      | Reached XP level 5. HP: 23/36 MP: 5/5
  1580 | D:2      | Found a stormy altar of Qazlal.
  1580 | D:2      | Found a shattered altar of Ashenzari.
  1580 | D:2      | Found a blossoming altar of Fedhas.
  1744 | D:2      | Noticed Crazy Yiuf
  1753 | D:2      | Killed Crazy Yiuf
  1753 | D:2      | Reached skill level 5 in Unarmed Combat
  2159 | D:3      | Noticed an ogre
  2164 | D:3      | Reached skill level 5 in Stealth
  2173 | D:3      | Killed an ogre
  2173 | D:3      | Reached XP level 6. HP: 15/42 MP: 6/6
  2419 | D:3      | Found a sparkling altar of Nemelex Xobeh.
  2613 | D:3      | Reached skill level 6 in Stealth
  2828 | D:3      | Found an iron altar of Okawaru.
  3391 | D:4      | Found a white marble altar of Elyvilon.
  3451 | D:4      | Found a bloodstained altar of Trog.
  3510 | D:4      | Reached skill level 1 in Shields
  3510 | D:4      | Reached XP level 7. HP: 7/47 MP: 7/7
  3512 | D:4      | HP: 2/47 [poison (a potion of poison)]
  3512 | D:4      | Slain by an orc priest

Action                   |  1- 3 |  4- 6 |  7- 9 || total
-------------------------+-------+-------+-------++-------
Melee: Unarmed           |    44 |   129 |       ||   173
  Use: Potion            |     1 |     1 |     2 ||     4
 Stab: Sleeping          |     4 |    10 |       ||    14
  Eat: Chunk             |       |     3 |       ||     3
       Bread ration      |       |     1 |       ||     1
